 Dungeon Crawl Stone Soup version 0.19-a0-1002-g674d22e (webtiles) character file.

197 HAL9000 the Cudgeler (level 5, -2/57 HPs)
             Began as an Ogre Hunter on July 18, 2016.
             Slain by an orc
             ... wielding a +0 hand axe
              (5 damage)
             ... on level 3 of the Dungeon.
             The game lasted 00:08:45 (2798 turns).

HAL9000 the Cudgeler (Ogre Hunter)                  Turns: 2798, Time: 00:08:45

Health: -2/57      AC:  3    Str: 17    XL:     5   Next: 75%
Magic:  5/5        EV: 10    Int: 10    God:
Gold:   86         SH:  0    Dex: 11    Spells: 0 memorised, 4 levels left

rFire  . . .     SeeInvis .     k - +0 club
rCold  . . .     Gourm    .     b - +0 robe
rNeg   . . .     Faith    .     (no shield)
rPois  .         Spirit   .     (helmet restricted)
rElec  .         Dismiss  +     (no cloak)
rCorr  .         Reflect  .     (gloves unavailable)
SustAt .         Harm     .     (boots unavailable)
MR     .....                    l - amulet of dismissal
Stlth  +.........               (no ring)
                                (no ring)

@: lethally poisoned (-2 -> -3), not resistant to hostile enchantments, very
unstealthy
A: unfitting armour, tough skin 1
a: no special abilities


You were on level 3 of the Dungeon.
You were very hungry.

You visited 1 branch of the dungeon, and saw 3 of its levels.

You collected 86 gold pieces.

Inventory:

Hand Weapons
 k - a +0 club (weapon)
Missiles
 d - 2 throwing nets (quivered)
Armour
 b - a +0 robe (worn)
Jewellery
 l - an amulet of dismissal (around neck)
Scrolls
 g - a scroll of enchant weapon {unknown}
 h - 6 scrolls of identify {unknown}
 j - a scroll of magic mapping {unknown}
 n - a scroll of remove curse {unknown}
Comestibles
 f - 3 bread rations
 i - a meat ration


   Skills:
 - Level 5.0 Fighting
 + Level 5.5 Maces & Flails
 - Level 4.0 Throwing
 - Level 1.7 Dodging
 - Level 0.7 Stealth


You had 4 spell levels left.
You didn't know any spells.

Dungeon Overview and Level Annotations

Branches:
Dungeon (3/15)

Altars:
Kikubaaqudgha
Vehumet

Annotations:
D:3 Grinder


Innate Abilities, Weirdness & Mutations

You are too large for most types of armour.
You have tough skin. (AC +1)


Message History

Unknown command.
Throwing (i - inventory. (,) - cycle):
c - 3 large rocks (quivered)
Press: ? - help, Shift-Dir - straight line, f - orc
Aim: an orc, wielding a hand axe and wearing a leather armour You throw a large rock.
The large rock closely misses the orc.
The orc hits you but does no damage. The orc hits you with a hand axe.
* * * LOW HITPOINT WARNING * * *
The orc closely misses you. The orc completely misses you.
Throwing (i - inventory. (,) - cycle):
c - 2 large rocks (quivered)
Press: ? - help, Shift-Dir - straight line, f/p - orc
Aim: an orc, wielding a hand axe and wearing a leather armour You throw a large rock.
The large rock hits the orc!
You kill the orc!
You feel sick. The orc closely misses you.
Unknown command.
Throwing (i - inventory. (,) - cycle):
c - a large rock (quivered)
Press: ? - help, Shift-Dir - straight line You throw a large rock.
The large rock barely misses the orc.
The orc hits you with a hand axe.
You die...

#......# #. #.
#.# #......#
##..##.##o##
#........
...>.......#
######.##
......o....#
..##.######....#
.............##
####
.#.###.####.#
...#
#.###.####.#
...#
#(....o@(.(#
...##
#####.######
....# ##.# ....#
#..# ....# #.##
###.#########.##
...............#
..#...........##
#.#..###'###..#


You could see an orc.

Vanquished Creatures
  A centaur (D:3)
  Ijyb (D:3)
  2 adders (D:2)
  An ooze (D:1)
  A dart slug (D:2)
  2 worms (D:2)
  2 giant geckos
  5 orcs (D:3)
  8 bats
  A giant cockroach (D:3)
  8 goblins
  6 hobgoblins
  4 jackals (D:1)
  3 kobolds
  2 quokkas
  A giant newt (D:2)
  9 rats
57 creatures vanquished.

Vanquished Creatures (others)
  A human (D:2)
1 creature vanquished.

Grand Total: 58 creatures vanquished

Notes
Turn   | Place    | Note
-------+----------+-------------------------------------------
     0 | D:1      | HAL9000 the Ogre Hunter began the quest for the Orb.
     0 | D:1      | Reached XP level 1. HP: 22/22 MP: 1/1
   167 | D:1      | Reached XP level 2. HP: 32/32 MP: 2/2
  1127 | D:1      | Reached XP level 3. HP: 36/40 MP: 3/3
  1177 | D:1      | Reached skill level 1 in Maces & Flails
  1905 | D:2      | Reached skill level 5 in Fighting
  1905 | D:2      | Reached XP level 4. HP: 42/50 MP: 4/4
  2087 | D:2      | Found a faded altar of an unknown god.
  2250 | D:2      | Found an ancient bone altar of Kikubaaqudgha.
  2254 | D:2      | Noticed a human
  2255 | D:2      | Killed a human
  2378 | D:3      | Noticed Ijyb
  2394 | D:3      | Killed Ijyb
  2493 | D:3      | Noticed a centaur
  2495 | D:3      | Killed a centaur
  2495 | D:3      | Reached skill level 5 in Maces & Flails
  2495 | D:3      | Reached XP level 5. HP: 57/57 MP: 5/5
  2514 | D:3      | Noticed Grinder
  2526 | D:3      | Found a radiant altar of Vehumet.
  2553 | D:3      | Paralysed by Grinder for 5 turns
  2798 | D:3      | Slain by an orc

Vault maps used:
D:1:      nagdon_arrival_double_spiral
D:2:      first_bread, ecumenical_altar_1, minmay_misc_feat_chi,
          tgw_kikubaaqudgha
D:3:      minmay_goblin_kobold_castle, lemuel_doored_altar,
          cheibriados_altar_wand_db, portal_sewer_entry_e, uniq_grinder,
          uniq_iyjb

Skill      XL: |  1  2  3  4 |
---------------+-------------+-----
Fighting       | 3 4 5 |  5.0
Maces & Flails | 2 5 |  5.5
Throwing       | |  4.0
Dodging        | |  1.7
Stealth        | |  0.7

Action                   |  1- 3 |  4- 6 || total
-------------------------+-------+-------++-------
Melee: Short sword       |   185 |    57 ||   242
       Club              |       |    39 ||    39
Throw: Large rock        |     1 |    23 ||    24
       Throwing net      |       |     2 ||     2
  Use: Potion            |       |     1 ||     1
  Eat: Chunk             |     3 |     2 ||     5
Armor: Robe              |    66 |    37 ||   103
Dodge: Dodged            |   110 |    60 ||   170
